 Dungeon Crawl Stone Soup version 0.19-a0-1051-gdb7e7f8 (webtiles) character file.

120 FitzyFitz the Chiller (level 5, -20/35 HPs)
             Began as a Merfolk Ice Elementalist on Aug 1, 2016.
             Demolished by an ogre
             ... wielding a +0 giant spiked club
              (27 damage)
             ... on level 4 of the Dungeon.
             The game lasted 00:06:57 (4000 turns).

FitzyFitz the Chiller (Merfolk Ice Elementalist)    Turns: 4000, Time: 00:06:58

Health: -20/35     AC:  7    Str:  8    XL:     5   Next: 4%
Magic:  6/8        EV: 13    Int: 15    God:
Gold:   92         SH:  0    Dex: 15    Spells: 2 memorised, 4 levels left

rFire  . . .     SeeInvis .     g - +0 whip
rCold  . . .     Gourm    .     a - +0 robe
rNeg   . . .     Faith    .     (no shield)
rPois  .         Spirit   .     (no helmet)
rElec  .         Dismiss  .     (no cloak)
rCorr  .         Reflect  .     (no gloves)
SustAt .         Harm     .     (no boots)
MR     .....                    (no amulet)
Stlth  ++........               (no ring)
                                (no ring)

@: icy armour, slow, not resistant to hostile enchantments, unstealthy
A: change form in water, swift swim
a: no special abilities


You were on level 4 of the Dungeon.
You were not hungry.

You visited 1 branch of the dungeon, and saw 4 of its levels.

You collected 92 gold pieces.

Inventory:

Hand Weapons
 g - a +0 whip (weapon)
Missiles
 d - 80 stones (quivered)
Armour
 a - a +0 robe (worn)
Scrolls
 f - a scroll of remove curse {unknown}
 i - a scroll of random uselessness {unknown}
 k - 5 scrolls of identify {unknown}
 o - a scroll of teleportation {unknown}
 q - a scroll of amnesia {unknown}
 r - a scroll of blinking {unknown}
 s - a scroll of fog {unknown}
 u - a scroll of recharging {unknown}
Potions
 e - 2 potions of might {unknown}
 h - 3 potions of curing {unknown}
 l - 2 potions of heal wounds {unknown}
 n - a potion of agility {unknown}
 p - a potion of lignification {unknown}
Books
 b - a book of Frost

   Spells                             Type                      Level
   a - Freeze                         Ice                          1
   b - Throw Frost                    Conjuration/Ice              2
   c - Ozocubu's Armour               Charms/Ice                   3
   d - Throw Icicle                   Conjuration/Ice              4
   e - Summon Ice Beast               Ice/Summoning                4
 m - a book of Flames

   Spells                             Type                      Level
   a - Flame Tongue                   Conjuration/Fire             1
   b - Throw Flame                    Conjuration/Fire             2
   c - Conjure Flame                  Conjuration/Fire             3
   d - Inner Flame                    Hexes/Fire                   3
   e - Sticky Flame                   Conjuration/Fire             4
   f - Fireball                       Conjuration/Fire             5
Comestibles
 c - 3 bread rations
 j - a beef jerky


   Skills:
 - Level 2.6 Dodging
 - Level 2.1 Stealth
 - Level 2.0 Spellcasting
   Level 0.7 Conjurations
 + Level 6.1 Ice Magic


You had 4 spell levels left.
You knew the following spells:

 Your Spells              Type           Power        Failure   Level  Hunger
a - Freeze                Ice            ###.         1%          1    #......
b - Ozocubu's Armour      Chrm/Ice       ##......     21%         3    ###....


Dungeon Overview and Level Annotations

Branches:
Dungeon (4/15)
 Temple: D:4-7

Altars:
Gozag
Kikubaaqudgha
Sif Muna

Annotations:
D:4 suduhmizer's ghost, amateur MfGl


Message History

* * * LOW HITPOINT WARNING * * *
You barely miss the ogre.
The ogre is lightly wounded.
The ogre closely misses you.
You hit the ogre.
The ogre is moderately wounded.
The ogre barely misses you.
You hit the ogre.
The ogre is moderately wounded.
You hit the ogre but do no damage.
The ogre is moderately wounded.
The ogre barely misses you.
You hit the ogre.
The ogre is heavily wounded.
The ogre barely misses you.
You hit the ogre.
The ogre is severely wounded.
The ogre hits you with a giant spiked club!!
Ouch! That really hurt!
You die...

########.#
#.# ##.#
#..# #.##
#.# #.# #O#
#@# ##.#
##..#### #
####......#
+
+.......#.#
#
###.......#
#....##.#
#..#.##.#
#.......#


You could see an ogre.

Vanquished Creatures
  6 adders
  An ooze (D:4)
  A dart slug (D:2)
  2 worms
  2 giant geckos
  An orc (D:4)
  7 bats
  3 giant cockroaches (D:2)
  3 goblins
  12 hobgoblins
  2 jackals (D:2)
  2 giant newts
  5 kobolds
  5 rats
52 creatures vanquished.

Notes
Turn   | Place    | Note
-------+----------+-------------------------------------------
     0 | D:1      | FitzyFitz the Merfolk Ice Elementalist began the quest for the Orb.
     0 | D:1      | Reached XP level 1. HP: 13/13 MP: 3/3
   467 | D:1      | Reached XP level 2. HP: 19/19 MP: 1/5
   502 | D:1      | Reached skill level 4 in Ice Magic
  1609 | D:2      | Reached XP level 3. HP: 13/24 MP: 3/6
  2131 | D:2      | Reached skill level 5 in Ice Magic
  2142 | D:2      | Learned a level 3 spell: Ozocubu's Armour
  2411 | D:2      | Found an ancient bone altar of Kikubaaqudgha.
  2554 | D:2      | Found a deep blue altar of Sif Muna.
  2870 | D:2      | Reached XP level 4. HP: 27/30 MP: 7/7
  3604 | D:4      | Noticed suduhmizer's ghost (amateur MfGl)
  3653 | D:4      | Found an opulent altar of Gozag.
  3710 | D:4      | Reached skill level 6 in Ice Magic
  3712 | D:4      | Reached XP level 5. HP: 16/35 MP: 2/8
  3974 | D:4      | Noticed an ogre
  4000 | D:4      | Demolished by an ogre

Vault maps used:
D:1:      minmay_arrival_jagged, grunt_decor_fettered
D:2:      lemuel_crystal_altar, kiku_gazebo_pond_becter
D:3:      nicolae_ru_great_annihilating_truth
D:4:      lemuel_crystal_altar, grunt_gozag_breadcrumbs

Skill      XL: |  1  2  3  4 |
---------------+-------------+-----
Ice Magic      | 4 5 6 |  6.1
Dodging        | |  2.6
Stealth        | |  2.1
Spellcasting   | |  2.0
Conjurations   | |  0.7

Action                   |  1- 3 |  4- 6 || total
-------------------------+-------+-------++-------
Melee: Unarmed           |    15 |       ||    15
       Whip              |   155 |    45 ||   200
Throw: Stone             |       |    12 ||    12
 Cast: Freeze            |    28 |    24 ||    52
       Ozocubu's Armour  |     1 |     2 ||     3
 Stab: Sleeping          |     4 |       ||     4
  Eat: Chunk             |     7 |       ||     7
       Meat ration       |       |     1 ||     1
Armor: Robe              |    40 |     4 ||    44
Dodge: Dodged            |   157 |    42 ||   199
